General information
- name: 1v1 OBS TM #101
- type: Custom game
- host: ActionJackson2
- saver: timg4strOK
map: TwistedMeadows
- players: 11
- length: 21:27
- speed: Fast
- version: 1.24 W3XP
- replay type:

» download(153 KB)
Players
team 1 (loser)
ActionJackson2 (
red | 150 APM | 3217 actions | 21:27)
5 Mountain King
3 Storm Bolt
2 Bash
4 Archmage
2 Brilliance Aura
2 Blizzard
» actions
| Assign group hotkey | 57 | |
| Basic commands | 549 | |
| Build / train | 86 | |
| Enter build submenu | 20 | |
| Enter hero's abilities submenu | 9 | |
| Give item / drop item | 5 | |
| Remove unit from queue | 1 | |
| Right click | 672 | |
| Select / deselect | 446 | |
| Select group hotkey | 1283 | |
| Use ability | 89 | |
3217 total
» units
| Peasant | 15 | |
| Footman | 6 | |
| Rifleman | 6 | |
| Sorceress | 5 | |
| Priest | 6 | |
| Spell Breaker | 6 | |
| Flying Machine | 3 | |
| Mortar Team | 3 | |
50 total
» upgrades
| Defend | 1 | |
| Sorceress Training | 1 | |
| Magic Sentry | 1 | |
| Priest Training | 1 | |
| Swords | 1 | |
| Gunpowder | 1 | |
6 total
» buildings
| Altar of Kings | 1 | |
| Barracks | 1 | |
| Farm | 10 | |
| Scout Tower | 1 | |
| Keep | 1 | |
| Arcane Tower | 1 | |
| Arcane Vault | 1 | |
| Blacksmith | 1 | |
| Arcane Sanctum | 2 | |
| Town Hall | 1 | |
| Workshop | 1 | |
| Castle | 1 | |
22 total
» build order
00:09 Altar of Kings
00:14 Barracks
00:18 Farm
00:46 Farm
01:33 Farm
01:47 Scout Tower
03:35 Keep
03:39 Arcane Tower
04:36 Arcane Vault
04:59 Farm
05:00 Farm
05:02 Blacksmith
05:59 Arcane Sanctum
07:21 Farm
07:22 Farm
08:08 Town Hall
08:11 Farm
09:04 Arcane Sanctum
10:02 Farm
11:16 Workshop
11:29 Farm
19:07 Castle
» items
| Scroll of Regeneration | 1 | |
| Potion of Lesser Invulnerability | 6 | |
| Scroll of Healing | 5 | |
| Potion of Mana | 1 | |
| Potion of Healing | 1 | |
| Scroll of Town Portal | 1 | |
15 total
team 2 (winner)
timg4strOK (
gray | 178 APM | 3829 actions | 21:27)
5 Demon Hunter
3 Mana Burn
2 Evasion
5 Pandaren Brewmaster
3 Breath of Fire
2 Drunken Haze
4 Dark Ranger
2 Silence
2 Black Arrow
» actions
| Assign group hotkey | 25 | |
| Basic commands | 125 | |
| Build / train | 69 | |
| ESC pressed | 2 | |
| Enter build submenu | 14 | |
| Enter hero's abilities submenu | 16 | |
| Give item / drop item | 8 | |
| Right click | 1803 | |
| Select / deselect | 288 | |
| Select group hotkey | 1341 | |
| Use ability | 138 | |
3829 total
» units
| Wisp | 15 | |
| Archer | 4 | |
| Druid of the Claw | 8 | |
| Dryad | 3 | |
| Goblin Zeppelin | 1 | |
31 total
» upgrades
| Ultravision | 1 | |
| Druid of the Claw Training | 2 | |
| Abolish Magic | 1 | |
| Strength of the Wild | 1 | |
| Reinforced Hides | 1 | |
| Well Spring | 1 | |
7 total
» buildings
| Altar of Elders | 1 | |
| Moon Well | 6 | |
| Ancient of War | 1 | |
| Tree of Ages | 1 | |
| Hunter's Hall | 1 | |
| Ancient of Wonders | 1 | |
| Tree of Eternity | 1 | |
| Ancient of Lore | 2 | |
| Tree of Life | 1 | |
| Ancient Protector | 1 | |
16 total
» build order
00:03 Altar of Elders
00:18 Moon Well
00:33 Ancient of War
01:50 Moon Well
03:28 Tree of Ages
03:45 Moon Well
03:48 Hunter's Hall
03:52 Ancient of Wonders
05:50 Tree of Eternity
05:52 Ancient of Lore
05:55 Ancient of Lore
06:39 Moon Well
07:57 Moon Well
13:43 Tree of Life
15:06 Moon Well
17:40 Ancient Protector
» items
| Boots of Speed | 1 | |
| Staff of Preservation | 1 | |
| Staff of Teleportation | 1 | |
| Orb of Venom | 1 | |
| Scroll of Town Portal | 2 | |
| Potion of Healing | 1 | |
| Scroll of Healing | 2 | |
9 total
observersElectricCoolAid,
Howdy.Partner,
Liss_isprincess,
Care_Taker,
Gcc,
bilabong3,
trash_,
SilverSaleen,
BEAR_AND Chat log
(00:38 / All) timg4strOK: gl
(00:39 / All) timg4strOK: hf
(00:40 / All) ActionJackson2: hf
(01:00 / All) timg4strOK: job's done
(01:04 / All) timg4strOK: more work
(01:12 / All) timg4strOK: i can hear your wc3 sounds
(01:22 / All) ActionJackson2: yeah I dont care
(02:57 / All) timg4strOK: logged off vent
(03:00 / All) timg4strOK: could hear you creeping
(03:03 / All) ActionJackson2: you're missing bongolia
(11:26 / All) timg4strOK: fiull speed ahea
(11:28 / All) timg4strOK: d
(21:25 / All) ActionJackson2: gg
(21:26 / All) timg4strOK: gg